 Dungeon Crawl Stone Soup version 0.32-a0-685-g93135e86f0 (webtiles) character file.

Game seed: 8569138289459443700

431 seren the Ruffian (level 6, -4/41 HPs)
             Began as an Octopode Shapeshifter on Mar 12, 2024.
             Slain by a crocodile zombie (10 damage)
             ... in an ossuary.
             The game lasted 00:06:55 (2433 turns).

seren the Ruffian (Octopode Shapeshifter)           Turns: 2433, Time: 00:06:56

Health: -4/41      AC:  1    Str: 15    XL:     6   Next: 99%
Magic:  6/6        EV: 13    Int: 13    God:
Gold:   228        SH:  0    Dex: 11    Spells: 5/5 levels left

rFire   . .          .
                       - Unarmed
rCold   + . .        (no shield)
rNeg    . . .        (helmet currently unavailable)
rPois   .            (no amulet)
rElec   .            m - ring of protection from cold
rCorr   .            (no ring)
SInv    .            (no ring)
Will    .....        (no ring)
Stlth   +++          (no ring)
HPRegen 0.26/turn    (no ring)
MPRegen 0.10/turn    (no ring)
                     (no ring)

%: no passive effects
@: beast-form
A: beast (slay +2), almost no armour, amphibious, 8 rings, camouflage 1,
gelatinous body 1, (nimble swimmer 1), tentacles
a: Begin Untransformation


You were in an ossuary.
You were a hulking beast.
You visited 1 branch of the dungeon, and saw 4 of its levels.
You also visited: Ossuary.

You collected 228 gold pieces.

Inventory:

Hand Weapons
 d - a +0 dagger of venom
 e - a +0 sling
Missiles
 f - 2 atropa-tipped darts (quivered)
 j - 18 poisoned darts
Jewellery
 m - a ring of protection from cold (left tentacle)
Talismans
 b - a beast talisman (active)
 c - a flux talisman
Wands
 t - a wand of digging (5)
Scrolls
 g - a scroll of noise {unknown}
 n - 8 scrolls of identify {unknown}
 o - a scroll of fear {unknown}
 q - a scroll of vulnerability {unknown}
 r - a scroll of fog {unknown}
 s - a scroll of enchant weapon {unknown}
Potions
 a - a potion of lignification
 h - a potion of cancellation {unknown}
 i - a potion of curing {unknown}
 k - 2 potions of might {unknown}
 l - a potion of resistance {unknown}
 p - a potion of heal wounds {unknown}
 u - a potion of berserk rage {unknown}


   Skills:
 + Level 2.8 Fighting
 + Level 3.2 Dodging
 + Level 3.4 Stealth
 * Level 4.9 Unarmed Combat
 * Level 4.3 Shapeshifting


You had 5 spell levels left.
You didn't know any spells.
Your spell library was empty.

Dungeon Overview and Level Annotations

Branches:
Dungeon (4/15)            Ossuary (1/1)
 Temple: D:4-7

Altars:
Fedhas


Innate Abilities, Weirdness & Mutations

You are a hulking beast.
Your limbs bulge with bestial killing power. (Slay +2)
You cannot wear most types of armour.
You are amphibious.
You can wear up to eight rings at the same time.
Your skin changes colour to match your surroundings (Stealth+).
Your rubbery body absorbs attacks. (AC +1, EV +1)
((You are camouflaged when in or above water. (Stealth+)))
You have tentacles for arms and can constrict up to eight enemies at once.


Message History

The water moccasin zombie is engulfed in freezing vapours.
The water moccasin zombie closely misses you.
You tentacle-slap the water moccasin zombie.
You squeeze the water moccasin zombie!
The water moccasin zombie is heavily damaged.
You constrict the water moccasin zombie.
The water moccasin zombie is engulfed in freezing vapours.
The water moccasin zombie bites you.
* * * LOW HITPOINT WARNING * * *
You bludgeon the water moccasin zombie!
The water moccasin zombie is almost destroyed.
You constrict the water moccasin zombie.
You destroy the water moccasin zombie!
You tentacle-slap the water moccasin zombie.
You grab the water moccasin zombie. You squeeze the water moccasin zombie!
The water moccasin zombie is moderately damaged.
You constrict the water moccasin zombie!
The water moccasin zombie bites you!
* * * LOW HITPOINT WARNING * * *
You are too injured to fight recklessly!
You are too injured to fight recklessly!
You bludgeon the water moccasin zombie! You squeeze the water moccasin zombie!
The water moccasin zombie is almost destroyed.
You constrict the water moccasin zombie.
The water moccasin zombie closely misses you.
You tentacle-slap the water moccasin zombie.
You destroy the water moccasin zombie!
You bludgeon the crocodile zombie!
The crocodile zombie is lightly damaged.
The crocodile zombie misses you.
You tentacle-slap the crocodile zombie.
The crocodile zombie is moderately damaged.
You tentacle-slap the crocodile zombie but do no damage.
The crocodile zombie is moderately damaged.
The crocodile zombie bites you!
* * * LOW HITPOINT WARNING * * *
You bludgeon the crocodile zombie!
The crocodile zombie is heavily damaged.
The crocodile zombie bites you!
You die...

##### ###
######
#.Z.#
#!!!!#...#.
#..Z+
+!)?!#.∩.'.
#.ZZ#
#!!?!#...#.
#... ###
#####. #..
#. #Z### ##
#.h.# #.
#...# #.
#...# #.
#...# #.
##'## ##
#...# #.
#...# #.
#...# #.
#...# #.


You could see a crocodile zombie.

Vanquished Creatures
  A weeping skull (Ossuary)
  2 water moccasin zombies (Ossuary)
  A jelly (D:4)
  2 orc priests (D:3)
  A bullfrog simulacrum (Ossuary)
  5 adders
  3 adder zombies (Ossuary)
  A dart slug (D:1)
  2 orcs (D:3)
  6 ball pythons
  7 endoplasms
  A giant cockroach (D:3)
  8 goblins
  10 hobgoblins
  2 jackals (D:3)
  2 quokkas (D:1)
  7 bats
  A frilled lizard (D:3)
  9 gnoll zombies (Ossuary)
  7 jackal zombies (Ossuary)
  8 kobolds
  5 orc zombies (Ossuary)
  3 rats
94 creatures vanquished.

Notes
Turn   | Place    | Note
-------+----------+-------------------------------------------
     0 | D:1      | seren the Octopode Shapeshifter began the quest for the
                  | Orb.
     0 | D:1      | Reached XP level 1. HP: 13/13 MP: 1/1
   206 | D:1      | Reached XP level 2. HP: 18/18 MP: 2/2
   334 | D:1      | Reached skill level 1 in Stealth
   628 | D:2      | Reached XP level 3. HP: 23/23 MP: 3/3
  1101 | D:2      | Reached XP level 4. HP: 28/28 MP: 4/4
  1436 | D:3      | Found a blossoming altar of Fedhas.
  1765 | D:3      | Reached XP level 5. HP: 16/34 MP: 5/5
  1934 | D:3      | Found a faded altar of an unknown god.
  2192 | D:4      | Found a sand-covered staircase.
  2214 | Ossuary  | Entered an ossuary
  2280 | Ossuary  | Noticed a weeping skull
  2285 | Ossuary  | Killed a weeping skull
  2286 | Ossuary  | Reached XP level 6. HP: 29/41 MP: 6/6
  2433 | Ossuary  | Slain by a crocodile zombie

Illustrated notes

Levels and vault maps discovered:
D:1:      dpeg_arrival_oval, layout_basic
D:2:      layout_basic, dreamdust_wishing_well, hex_intersection,
          minmay_misc_feat_x, minmay_goblin_kobold_house
D:3:      layout_loops_cross, mainiacjoe_overflow_surrounded_room,
          ebering_ecumenical_altar_mist, st_stairs_10,
          minmay_misc_feat_enclosed, hangedman_abyss_or_decor_lesser_grid
D:4:      layout_layer_cave, nicolae_ossuary_entry_monument, serial_shops,
          nicolae_shop_stone, nicolae_stop_n_shop_1
Ossuary:  ossuary_tomb_2

Skill      XL: |  1  2  3  4  5 |
---------------+----------------+-----
Stealth        | 1 2 3 |  3.4
Fighting       | 2 |  2.8
Unarmed Combat | 4 |  4.9
Dodging        | 3 |  3.2
Shapeshifting  | 4 |  4.3

Action                     |  1- 3 |  4- 6 || total
---------------------------+-------+-------++-------
  Melee: Unarmed           |    41 |   120 ||   161
         Tentacles         |    11 |    35 ||    46
         Constrict         |    12 |    38 ||    50
         Punch             |       |     8 ||     8
   Stab: Sleeping          |     8 |    16 ||    24
 Armour: Skin              |     7 |    50 ||    57
  Dodge: Dodged            |    21 |    61 ||    82

Table legend: (Time is in decaauts)
 A = Elapsed time spent in this place.
 B = Non-inter-level travel time spent in this place.
 C = Inter-level travel time spent in this place.
 D = Time resting spent in this place.
 E = Time spent auto-exploring this place.
 F = Levels seen in this place.
 G = Mean time per level.
                   A        B        C        D        E       F      G
               +--------+--------+--------+--------+--------+-----+--------+
         Total |   2419 |   2327 |     92 |    207 |   1368 |   5 |  483.8 |
       Dungeon |   2205 |   2113 |     92 |    121 |   1368 |   4 |  551.2 |
       Ossuary |    213 |    213 |      0 |     86 |      0 |   1 |  213.0 |
               +--------+--------+--------+--------+--------+-----+--------+

Top non-repeatable levels by time:
     D:2: 810 daAuts
     D:3: 808 daAuts
     D:1: 564 daAuts
 Ossuary: 213 daAuts
     D:4: 22 daAuts
